 Dungeon Crawl Stone Soup version 0.29.0-7-g18a832c13a (webtiles) character file.

Game seed: 9371076341151506704

25 Iusername the Covered (level 2, -6/27 HPs)
             Began as a Minotaur Fighter on Aug 31, 2022.
             Killed from afar by Sigmund (10 damage)
             ... with a puff of flame
             ... on level 2 of the Dungeon.
             The game lasted 00:02:06 (710 turns).

Iusername the Covered (Minotaur Fighter)             Turns: 710, Time: 00:02:07

Health: -6/27      AC:  7    Str: 20    XL:     2   Next: 82%
Magic:  0/1        EV:  9    Int:  5    God:
Gold:   105        SH:  0    Dex:  9    Spells: 1/1 levels left

rFire   . . .      SeeInvis .   a - +0 long sword
rCold   . . .      Faith    .   c - +0 buckler
rNeg    . . .      Spirit   +   b - +0 scale mail
rPois   .          Reflect  .   (helmet restricted)
rElec   .          Harm     .   (no cloak)
rCorr   .          Rampage  .   (no gloves)
Will    .....                   (no boots)
Stlth   ..........              g - amulet of guardian spirit
HPRegen 0.09/turn               (no ring)
MPRegen 0.07/turn               (no ring)

@: confused
A: horns 2, retaliatory headbutt
a: no special abilities


You were on level 2 of the Dungeon.
You visited 1 branch of the dungeon, and saw 2 of its levels.

You collected 105 gold pieces.

Inventory:

Hand Weapons
 a - a +0 long sword (weapon)
Missiles
 f - 4 javelins (quivered)
Armour
 b - a +0 scale mail (worn)
 c - a +0 buckler (worn)
Jewellery
 g - an amulet of guardian spirit (around neck)
 j - an amulet of regeneration
Scrolls
 h - 2 scrolls of identify {unknown}
 i - a scroll of enchant weapon {unknown}
Potions
 d - a potion of might
 e - 2 potions of curing {unknown}
 k - a potion of resistance {unknown}
 l - a potion of mutation {unknown}
 m - a potion of heal wounds {unknown}


   Skills:
 + Level 4.0 Fighting
 + Level 2.7 Long Blades
 + Level 4.2 Armour
 + Level 0.6 Dodging
 + Level 3.8 Shields


You had one spell level left.
You didn't know any spells.
Your spell library was empty.

Dungeon Overview and Level Annotations

Branches:
Dungeon (2/15)

Altars:
Ashenzari

Annotations:
D:2 Sigmund


Innate Abilities, Weirdness & Mutations

You have a pair of horns on your head.
You reflexively headbutt those who attack you in melee.


Message History

No target in view!
No target in view!
No target in view!
No target in view!
No target in view!
Something hits you.
You see here a rat corpse.
You closely miss something. Something hits you.
You completely miss something.
You hear some strange, mumbled words.
A magic dart appears from out of thin air!
The magic dart hits you!
You miss something. Your headbutt misses something.
Something hits you but does no damage.
You hit something but do no damage. You headbutt something.
You hear some strange, mumbled words.
A magic dart appears from out of thin air!
The magic dart hits you.
You miss something.
You hear some strange, mumbled words.
A magic dart appears from out of thin air!
The magic dart hits you.
* * * LOW HITPOINT WARNING * * *
You closely miss something. Something hits you.
* * * LOW HITPOINT WARNING * * *
You closely miss something. Your headbutt misses something.
You hear some strange, mumbled words.
Something tries to affect you, but you resist.
You miss something.
You hear some strange, mumbled words.
A magic dart appears from out of thin air!
The magic dart hits you.
* * * LOW HITPOINT WARNING * * *
You hear some strange, mumbled words.
You are confused.
You closely miss something.
You hear some strange, mumbled words.
A puff of flame appears from out of thin air!
The puff of flame hits you!
You die...

..........####.....#
..........##########
..............
......|...##########
.............†......
.
..#######^...#######
... ..
............###....
.
####....#..........
#....#..@{......
#....#..†.......
#....#.........#
#....#.......###
#...........##
#####.......#
#..?....# #.....?.#


There were no monsters in sight!

Vanquished Creatures
  A worm (D:2)
  A dart slug (D:1)
  An endoplasm (D:2)
  A giant cockroach (D:2)
  A goblin (D:1)
  2 hobgoblins (D:1)
  3 ball pythons (D:1)
  3 bats (D:1)
  2 frilled lizards (D:1)
  2 kobolds
  4 rats
21 creatures vanquished.

Notes
Turn   | Place    | Note
-------+----------+-------------------------------------------
     0 | D:1      | Iusername the Minotaur Fighter began the quest for the Orb.
     0 | D:1      | Reached XP level 1. HP: 19/19 MP: 0/0
    98 | D:1      | Reached XP level 2. HP: 27/27 MP: 1/1
   259 | D:1      | Found a faded altar of an unknown god.
   529 | D:2      | Found a broken altar of Ashenzari.
   695 | D:2      | Noticed Sigmund
   710 | D:2      | Killed from afar by Sigmund

Illustrated notes

Levels and vault maps discovered:
D:1:      amcnicky_arrival_gap_in_the_tavern_cellar, layout_rooms,
          basic_ecumenical_altar, st_stairs_2, minmay_heptomino_h4
D:2:      layout_basic, basic_altar, minmay_fractal_squares_gapless_5,
          uniq_sigmund

Skill      XL: |  1  2 |
---------------+-------+-----
Armour         | 4 |  4.2
Fighting       | 4 |  4.0
Long Blades    | |  2.7
Dodging        | |  0.6
Shields        | |  3.8

Action                   || total
-------------------------++-------
Melee: Long sword        ||    56
       Headbutt          ||     6
Armor: Scale mail        ||    27
Dodge: Dodged            ||    24
Block: Buckler           ||     4
